 Dungeon Crawl Stone Soup version 0.31-a0-180-g519b7de00c (webtiles) character file.

Game seed: 15849250809742167389

928 qw the Skirmisher (level 8, -1/73 HPs)
             Began as a Naga Hunter on June 19, 2023.
             Was an Initiate of Okawaru.
             Killed from afar by a steam dragon (15 damage)
             ... with a ball of steam
             ... on level 6 of the Dungeon.
             The game lasted 00:01:16 (4442 turns).

qw the Skirmisher (Naga Hunter)                     Turns: 4442, Time: 00:01:17

Health: -1/73      AC:  5    Str: 13    XL:     8   Next: 11%
Magic:  8/8        EV: 10    Int: 11    God:    Okawaru [......]
Gold:   766        SH:  0    Dex: 16    Spells: 7/7 levels left

rFire   . . .        Y - +3 longbow (flame)
rCold   . . .        (shield currently unavailable)
rNeg    . . .        c - +0 leather armour
rPois   +            (no helmet)
rElec   .            (no cloak)
rCorr   .            e - +0 pair of gloves
SInv    +            (no barding)
Will    +....        (no amulet)
Stlth   ++           (no ring)
HPRegen 0.32/turn    (no ring)
MPRegen 0.11/turn

%: no passive effects
@: about to teleport, short of breath, very slow
A: AC +2, large, see invisible, deformed body, poison resistance, slowness 2,
spit poison 1, naga tail 1, sense surroundings 1, MP-powered wands
a: Spit Poison, Renounce Religion


You were on level 6 of the Dungeon.
You worshipped Okawaru.
Okawaru was noncommittal.
You visited 2 branches of the dungeon, and saw 7 of its levels.

You collected 1035 gold pieces.
You spent 269 gold pieces at shops.


Innate Abilities, Weirdness & Mutations

Your serpentine skin is tough. (AC +2)
You have supernaturally acute eyesight. (SInv)
Armour fits poorly on your strangely shaped body.
Your system is resistant to poisons. (rPois)
You cover ground very slowly.
You can spit poison.
You have a snake-like lower body.
You passively map a small area around you.
You expend magic power (3 MP) to strengthen your wands.


   Skills:
 + Level 4.5 Fighting
 - Level 8.0 Ranged Weapons
 - Level 2.3 Dodging
 - Level 1.5 Stealth


You had 7 spell levels left.
You didn't know any spells.
Your spell library was empty.

Inventory:

Hand Weapons
 Y - a +3 longbow of flaming (weapon)
Armour
 c - a +0 leather armour (worn)
 e - a +0 pair of gloves (worn)
Scrolls
 a - 2 scrolls of identify
 d - 2 scrolls of teleportation
Potions
 f - a potion of might
 g - 4 potions of curing
 l - a potion of mutation

Dungeon Overview and Level Annotations

Branches:
Dungeon (6/15)             Temple (1/1) D:5

Altars:
Ashenzari
Cheibriados
Dithmenos
Elyvilon
Fedhas
Gozag
Makhleb
Nemelex Xobeh
Okawaru
Qazlal
Ru
Sif Muna
Trog
Uskayaw
Vehumet
Wu Jian
Xom
Yredelemnul
Zin
The Shining One

Shops:
D:1 *   D:5 ?


Message History

Press: ? - help, Shift-Dir - straight line, f - steam dragon The splash of poison hits the steam dragon but does no damage.
The centaur shoots an arrow.
The arrow hits you.
The centaur shoots an arrow.
The arrow misses you.
You shoot an arrow. The arrow hits the steam dragon!
The arrow burns the steam dragon.
The steam dragon is moderately wounded.
The steam dragon breathes steam at you. The ball of steam hits you!!
You shoot an arrow. The arrow hits the steam dragon!
The arrow burns the steam dragon.
The steam dragon is severely wounded.
You are engulfed in a cloud of scalding steam.
You have got your breath back.
The steam dragon bites you but does no damage.
The steam dragon closely misses you.
4440 ||| INVOKING Spit Poison.
Aiming: Spit Poison (1% risk of failure)
Press: ? - help, Shift-Dir - straight line, f/p - steam dragon The splash of poison hits the steam dragon but does no damage.
The steam dragon is poisoned.
The steam dragon is severely wounded.
You are engulfed in a cloud of scalding steam.
The steam dragon bites you. The steam dragon claws you.
You shoot an arrow.
The arrow hits the steam dragon but does no damage.
The steam dragon is severely wounded.
You are engulfed in a cloud of scalding steam.
The steam dragon bites you. The steam dragon claws you.
The steam dragon bites you.
The steam dragon claws you but does no damage.
4442 ||| READING 3 scrolls of teleportation.
As you read the scroll of teleportation, it crumbles to dust.
You feel strangely unstable.
You are engulfed in a cloud of scalding steam.
The centaur unwields a +0 shortbow.
The centaur hits you. The centaur closely misses you.
The steam dragon breathes steam at you. The ball of steam hits you!
You die...

#....####.....######..
#...##...##...##......
#...##...##...##....._
#...#....#............
#...#....+............
###'###)..###########.P
#.....#...# , ..P
#.....#...#, , ..P
#.....@...# ,, ..P
#....c#D### , ,
#......... #...........
, , ######........
.....### *###### , * ,
, * ,


You could see a steam dragon (poisoned, catching breath) and a centaur.

Vanquished Creatures
  An ice beast (D:5)
  A black bear (D:4)
  An ogre (D:5)
  A centaur (D:5)
  A phantom (D:5)
  3 scorpions
  A hound (D:4)
  A jelly (D:6)
  An orc priest (D:6)
  An orc wizard (D:3)
  An iguana (D:4)
  11 adders
  A white imp (D:3)
  An ufetubus (D:6)
  2 worms
  A dart slug (D:4)
  12 orcs
  7 endoplasms
  A giant cockroach (D:2)
  6 goblins
  6 hobgoblins
  2 jackals (D:4)
  2 quokkas
  7 ball pythons
  3 bats
  5 frilled lizards
  4 kobolds
  3 rats
87 creatures vanquished.

Notes
Turn   | Place    | Note
-------+----------+-------------------------------------------
     0 | D:1      | qw the Naga Hunter began the quest for the Orb.
     0 | D:1      | Reached XP level 1. HP: 19/19 MP: 1/1
     0 | D:1      | 0 ||| qw: Version: 0.3-a-7-ge0c9b40
     0 | D:1      | 0 ||| qw: Game counter: 916
     0 | D:1      | 0 ||| qw: Always use a shield: true
     0 | D:1      | 0 ||| qw: God list: Okawaru
     0 | D:1      | 0 ||| qw: Allow faded altars: false
     0 | D:1      | 0 ||| qw: Do Orc after D:15 true
     0 | D:1      | 0 ||| qw: Do second Lair branch before Depths: true
     0 | D:1      | 0 ||| qw: Lair rune preference: random
     0 | D:1      | 0 ||| qw: Plans: Normal
     0 | D:1      | 0 ||| PLANNING D:1-11
   213 | D:1      | 213 ||| INVOKING Spit Poison.
   214 | D:1      | 214 ||| INVOKING Spit Poison.
   240 | D:1      | 240 ||| INVOKING Spit Poison.
   259 | D:1      | 259 ||| INVOKING Spit Poison.
   392 | D:1      | Reached skill level 4 in Ranged Weapons
   392 | D:1      | Reached XP level 2. HP: 26/26 MP: 2/2
   421 | D:1      | 421 ||| INVOKING Spit Poison.
   527 | D:1      | 527 ||| INVOKING Spit Poison.
   573 | D:1      | 573 ||| INVOKING Spit Poison.
   577 | D:1      | 577 ||| INVOKING Spit Poison.
   625 | D:1      | Found Zeipp's Assorted Antiques.
   635 | D:1      | 635 ||| BUYING clear potion (19 gold).
   635 | D:1      | Bought a clear potion for 19 gold pieces
   635 | D:1      | 635 ||| BUYING fizzy golden potion (19 gold).
   635 | D:1      | Bought a fizzy golden potion for 19 gold pieces
   635 | D:1      | 635 ||| SHOPLISTING glass wand (88 gold, have 5).
   635 | D:1      | 635 ||| SHOPLISTING glowing scarf (176 gold, have 5).
   635 | D:1      | 635 ||| SHOPLISTING pink potion (19 gold, have 5).
   635 | D:1      | 635 ||| SHOPLISTING scroll labelled DOVAX XUUWYSH (22 gold,
                  | have 5).
   635 | D:1      | 635 ||| SHOPLISTING scroll labelled VURULLINAU (22 gold,
                  | have 5).
   635 | D:1      | 635 ||| SHOPLISTING sedimented golden potion (19 gold, have
                  | 5).
   742 | D:1      | 742 ||| READING 2 scrolls labelled WEGACU SOECEAL.
   743 | D:1      | 743 ||| READING scroll labelled TOCALI GUBRU.
   744 | D:1      | 744 ||| READING scroll labelled PUL SOMUVOAD.
   745 | D:1      | 745 ||| READING scroll labelled ZEKUOL TEOTO.
   746 | D:1      | 746 ||| READING scroll labelled ADIEQE WID IJU.
   751 | D:1      | 751 ||| DROPPING scroll of butterflies.
   801 | D:2      | 801 ||| INVOKING Spit Poison.
   919 | D:2      | 919 ||| INVOKING Spit Poison.
   924 | D:2      | 924 ||| INVOKING Spit Poison.
   927 | D:2      | 927 ||| INVOKING Spit Poison.
  1028 | D:2      | 1028 ||| INVOKING Spit Poison.
  1032 | D:2      | 1032 ||| INVOKING Spit Poison.
  1034 | D:2      | Reached XP level 3. HP: 30/32 MP: 3/3
  1070 | D:2      | 1070 ||| INVOKING Spit Poison.
  1095 | D:2      | 1095 ||| INVOKING Spit Poison.
  1250 | D:2      | 1250 ||| INVOKING Spit Poison.
  1369 | D:2      | 1369 ||| INVOKING Spit Poison.
  1373 | D:2      | 1373 ||| INVOKING Spit Poison.
  1375 | D:2      | Reached skill level 5 in Ranged Weapons
  1537 | D:2      | 1537 ||| INVOKING Spit Poison.
  1540 | D:2      | 1540 ||| INVOKING Spit Poison.
  1541 | D:2      | Reached XP level 4. HP: 39/39 MP: 4/4
  1544 | D:2      | 1544 ||| INVOKING Spit Poison.
  1649 | D:2      | 1649 ||| INVOKING Spit Poison.
  1843 | D:2      | 1843 ||| READING scroll labelled ZELAVO RUREA.
  1843 | D:2      | Identified a scroll of acquirement
  1843 | D:2      | 1843 ||| ACQUIRING +2 longbow of flaming
  1843 | D:2      | Acquired a +2 longbow of flaming
  1845 | D:2      | 1845 ||| SWAPPING to +2 longbow of flaming.
  1846 | D:2      | 1846 ||| DROPPING +0 shortbow.
  1847 | D:2      | 1847 ||| DRINKING 2 fizzy golden potions.
  1847 | D:2      | Gained mutation: You expend magic power (3 MP) to
                  | strengthen your wands. [potion of mutation]
  1847 | D:2      | Gained mutation: You passively map a small area around you.
                  | [potion of mutation]
  1848 | D:2      | 1848 ||| READING 2 scrolls of identify.
  1848 | D:2      | 1848 ||| IDENTIFYING viscous sapphire potion
  1849 | D:2      | 1849 ||| DROPPING potion of ambrosia.
  1899 | D:3      | 1899 ||| INVOKING Spit Poison.
  1903 | D:3      | 1903 ||| INVOKING Spit Poison.
  1907 | D:3      | 1907 ||| INVOKING Spit Poison.
  1964 | D:3      | 1964 ||| INVOKING Spit Poison.
  1967 | D:3      | 1967 ||| INVOKING Spit Poison.
  2057 | D:3      | 2057 ||| INVOKING Spit Poison.
  2061 | D:3      | 2061 ||| INVOKING Spit Poison.
  2087 | D:3      | 2087 ||| INVOKING Spit Poison.
  2098 | D:3      | 2098 ||| INVOKING Spit Poison.
  2099 | D:3      | 2099 ||| INVOKING Spit Poison.
  2101 | D:3      | Reached skill level 3 in Fighting
  2138 | D:3      | 2138 ||| INVOKING Spit Poison.
  2143 | D:3      | 2143 ||| INVOKING Spit Poison.
  2145 | D:3      | Reached XP level 5. HP: 49/49 MP: 5/5
  2148 | D:3      | 2148 ||| INVOKING Spit Poison.
  2217 | D:3      | 2217 ||| INVOKING Spit Poison.
  2257 | D:3      | 2257 ||| INVOKING Spit Poison.
  2359 | D:3      | 2359 ||| UPGRADING to +0 pair of gloves.
  2369 | D:4      | 2369 ||| INVOKING Spit Poison.
  2373 | D:4      | 2373 ||| INVOKING Spit Poison.
  2407 | D:4      | Noticed a black bear
  2409 | D:4      | 2409 ||| INVOKING Spit Poison.
  2411 | D:4      | Killed a black bear
  2412 | D:4      | Reached skill level 6 in Ranged Weapons
  2412 | D:4      | Reached XP level 6. HP: 56/56 MP: 6/6
  2414 | D:4      | 2414 ||| INVOKING Spit Poison.
  2435 | D:4      | 2435 ||| INVOKING Spit Poison.
  2546 | D:4      | Found a glowing golden altar of the Shining One.
  2606 | D:4      | Found a burning altar of Makhleb.
  2654 | D:4      | 2654 ||| INVOKING Spit Poison.
  2680 | D:4      | 2680 ||| INVOKING Spit Poison.
  2681 | D:4      | 2681 ||| INVOKING Spit Poison.
  2689 | D:4      | 2689 ||| INVOKING Spit Poison.
  2786 | D:4      | 2786 ||| READING scroll of acquirement.
  2786 | D:4      | 2786 ||| ACQUIRING 781 gold pieces
  2786 | D:4      | Acquired 781 gold pieces
  2867 | D:4      | 2867 ||| INVOKING Spit Poison.
  2911 | D:4      | 2911 ||| READING 2 scrolls labelled DOVAX XUUWYSH.
  2912 | D:4      | 2912 ||| DRINKING 2 fuming ruby potions.
  2913 | D:4      | 2913 ||| DROPPING scroll of fog.
  2931 | D:5      | Entered Level 5 of the Dungeon
  2972 | D:5      | 2972 ||| INVOKING Spit Poison.
  2974 | D:5      | Reached XP level 7. HP: 64/64 MP: 7/7
  2975 | D:5      | Found a broken altar of Ashenzari.
  2979 | D:5      | Found a blossoming altar of Fedhas.
  3094 | D:5      | 3094 ||| INVOKING Spit Poison.
  3104 | D:5      | Reached skill level 7 in Ranged Weapons
  3118 | D:5      | HP: 14/64 [centaur/arrow (11)]
  3119 | D:5      | 3119 ||| READING 3 scrolls of teleportation.
  3121 | D:5      | 3121 ||| INVOKING Spit Poison.
  3397 | D:5      | 3397 ||| INVOKING Spit Poison.
  3469 | D:5      | 3469 ||| INVOKING Spit Poison.
  3606 | D:5      | 3606 ||| INVOKING Spit Poison.
  3609 | D:5      | Reached XP level 8. HP: 28/72 MP: 8/8
  3758 | D:5      | Found a staircase to the Ecumenical Temple.
  3759 | D:5      | 3759 ||| PLANNING TEMPLE
  3759 | D:5      | 3759 ||| READING scroll labelled LETSAO BUUMU.
  3760 | D:5      | 3760 ||| READING 2 scrolls of identify.
  3760 | D:5      | 3760 ||| IDENTIFYING fuming pink potion
  3765 | D:5      | 3765 ||| INVOKING Spit Poison.
  3766 | D:5      | 3766 ||| INVOKING Spit Poison.
  3771 | Temple   | Entered the Ecumenical Temple
  3987 | Temple   | 3987 ||| PLANNING OKAWARU WORSHIP
  4001 | Temple   | Became a worshipper of Warmaster Okawaru
  4002 | Temple   | 4002 ||| PLANNING D:1-11
  4109 | D:5      | Found Begorr Joyss's Magic Scroll Shop.
  4114 | D:5      | 4114 ||| BUYING scroll of enchant weapon (105 gold).
  4114 | D:5      | Bought a scroll of enchant weapon for 105 gold pieces
  4114 | D:5      | 4114 ||| BUYING scroll of identify (28 gold).
  4114 | D:5      | Bought a scroll of identify for 28 gold pieces
  4114 | D:5      | 4114 ||| BUYING scroll of identify (28 gold).
  4114 | D:5      | Bought a scroll of identify for 28 gold pieces
  4114 | D:5      | 4114 ||| BUYING scroll of identify (28 gold).
  4114 | D:5      | Bought a scroll of identify for 28 gold pieces
  4114 | D:5      | 4114 ||| BUYING scroll of teleportation (42 gold).
  4114 | D:5      | Bought a scroll of teleportation for 42 gold pieces
  4114 | D:5      | 4114 ||| READING scroll of enchant weapon.
  4114 | D:5      | 4114 ||| ENCHANTING +2 longbow of flaming.
  4200 | D:5      | 4200 ||| READING 4 scrolls of identify.
  4200 | D:5      | 4200 ||| IDENTIFYING fuming purple potion
  4201 | D:5      | 4201 ||| READING 3 scrolls of identify.
  4201 | D:5      | 4201 ||| IDENTIFYING sedimented golden potion
  4202 | D:5      | 4202 ||| READING 2 scrolls of identify.
  4202 | D:5      | 4202 ||| IDENTIFYING clear potion
  4203 | D:5      | 4203 ||| DROPPING potion of lignification.
  4204 | D:5      | 4204 ||| DROPPING potion of attraction.
  4205 | D:5      | 4205 ||| DROPPING potion of invisibility.
  4230 | D:6      | 4230 ||| INVOKING Spit Poison.
  4232 | D:6      | Reached skill level 8 in Ranged Weapons
  4323 | D:6      | 4323 ||| INVOKING Spit Poison.
  4347 | D:6      | Found a glowing silver altar of Zin.
  4359 | D:6      | 4359 ||| INVOKING Spit Poison.
  4437 | D:6      | 4437 ||| INVOKING Spit Poison.
  4440 | D:6      | 4440 ||| INVOKING Spit Poison.
  4441 | D:6      | HP: 18/73 [steam dragon (5)]
  4442 | D:6      | 4442 ||| READING 3 scrolls of teleportation.
  4442 | D:6      | Killed from afar by a steam dragon

Levels and vault maps discovered:
D:1:      dpeg_arrival_tiny_a, layout_loops_corners, serial_shops, shop
D:2:      cheibrodos_helix_gallery, layout_basic, corexii_hall_statues_i
D:3:      layout_rooms
D:4:      layout_gridville, kennysheep_mini, mainiacjoe_overflow_small_starburst
D:5:      layout_loops_ring, mainiacjoe_overflow_large_starburst,
          minmay_temple_entry_stoned_glass, serial_shops, kennysheep_little_box
D:6:      layout_gridville, mainiacjoe_overflow_boulevard, grunt_ministairs_6,
          st_stairs_10, serial_bayou_crossing
Temple:   regret_index_temple_generic_petals

Skill      XL: |  1  2  3  4  5  6  7  8 |
---------------+-------------------------+-----
Ranged Weapons | 4 5 6 7 8 |  8.0
Fighting       | 3 4 |  4.5
Dodging        | 2 |  2.3
Stealth        | |  1.5

Action                     |  1- 3 |  4- 6 |  7- 9 || total
---------------------------+-------+-------+-------++-------
   Fire: Shortbow          |    53 |     1 |       ||    54
         Longbow           |       |    67 |    41 ||   108
Ability: Spit Poison       |    20 |    26 |    11 ||    57
    Use: Scroll            |     5 |     4 |     8 ||    17
         Potion            |       |     2 |       ||     2
 Armour: Leather armour    |     7 |     8 |     8 ||    23
  Dodge: Dodged            |     7 |    20 |    15 ||    42

Table legend:
 A = Non-vault XP
 B = Vault XP
 C = Vault XP percentage of total XP
 D = Non-vault monster count
 E = Vault monster count
 F = Vault count percentage of total count
                 A         B        C        D         E       F
            +---------+---------+-------+---------+---------+-------
      Total |    1256 |      71 |   5.4 |      83 |       4 |   4.6
            +---------+---------+-------+---------+---------+-------
        D:1 |      23 |       0 |   0.0 |      14 |       0 |   0.0
        D:2 |      48 |      15 |  23.8 |      14 |       2 |  12.5
        D:3 |     114 |       0 |   0.0 |      23 |       0 |   0.0
        D:4 |     348 |       0 |   0.0 |      17 |       0 |   0.0
        D:5 |     669 |       0 |   0.0 |      11 |       0 |   0.0
        D:6 |      54 |      56 |  50.9 |       4 |       2 |  33.3
            +---------+---------+-------+---------+---------+-------
